 Dungeon Crawl Stone Soup version 0.29.1-1-gd02db6906a (webtiles) character file.

Game seed: 15883257243142658938

434 Earthwalker the Shield-Bearer (level 6, -5/56 HPs)
             Began as a Minotaur Fighter on Oct 15, 2022.
             Slain by a gnoll
             ... wielding a +0 spear
              (6 damage)
             ... on level 5 of the Dungeon.
             The game lasted 00:05:21 (3536 turns).

Earthwalker the Shield-Bearer (Minotaur Fighter)    Turns: 3536, Time: 00:05:22

Health: -5/56      AC:  7    Str: 23    XL:     6   Next: 68%
Magic:  14/14      EV: 10    Int:  5    God:
Gold:   255        SH:  4    Dex:  9    Spells: 5/5 levels left

rFire   . . .      SeeInvis .   a - +0 war axe
rCold   . . .      Faith    .   c - +0 buckler
rNeg    . . .      Spirit   .   b - +0 scale mail
rPois   .          Reflect  .   (helmet restricted)
rElec   .          Harm     .   (no cloak)
rCorr   .          Rampage  .   (no gloves)
Will    .....                   (no boots)
Stlth   ..........              (no amulet)
HPRegen 0.18/turn               h - ring of magical power
MPRegen 0.14/turn               (no ring)

@: no status effects
A: horns 2, retaliatory headbutt
a: no special abilities


You were on level 5 of the Dungeon.
You visited 1 branch of the dungeon, and saw 5 of its levels.

You collected 255 gold pieces.

Inventory:

Hand Weapons
 a - a +0 war axe (weapon)
Missiles
 f - 9 javelins (quivered)
Armour
 b - a +0 scale mail (worn)
 c - a +0 buckler (worn)
Jewellery
 h - a ring of magical power (left hand)
Wands
 n - a wand of flame (26)
 p - a wand of mindburst (7)
Scrolls
 e - 2 scrolls of poison
 i - a scroll of fog {unknown}
 j - a scroll of fear {unknown}
 k - a scroll of teleportation {unknown}
 l - a scroll of enchant weapon {unknown}
 r - 2 scrolls of enchant armour
 t - a scroll of immolation {unknown}
Potions
 d - a potion of might
 g - a potion of flight {unknown}
 m - 2 potions of degeneration {unknown}
 o - a potion of cancellation {unknown}
 q - 3 potions of heal wounds
 s - a potion of ambrosia {unknown}
 u - a potion of mutation {unknown}


   Skills:
 * Level 5.2 Fighting
 * Level 4.4 Axes
 * Level 5.1 Armour
 * Level 3.1 Dodging
 * Level 5.2 Shields


You had 5 spell levels left.
You didn't know any spells.
Your spell library contained the following spells:

 Spells                   Type           Power      Damage    Failure   Level
 Summon Small Mammal      Summ           0%         N/A       86%         1
 Call Canine Familiar     Summ           0%         N/A       99%         3
 Summon Guardian Golem    Hex/Summ       0%         N/A       99%         3


Dungeon Overview and Level Annotations

Branches:
Dungeon (5/15)
 Temple: D:4-7

Altars:
Hepliaklqana
Qazlal

Shops:
D:2 !


Innate Abilities, Weirdness & Mutations

You have a pair of horns on your head.
You reflexively headbutt those who attack you in melee.


Message History

You hit the gnoll. The iguana barely misses you. You block the gnoll's attack.
You closely miss the iguana.
The iguana is moderately wounded.
You barely miss the gnoll. The iguana bites you.
The gnoll hits you with a +0 flail!
The gnoll hits you from afar with a +0 spear.
You are too injured to fight recklessly!
Unknown command.
You are too injured to fight recklessly!
You are too injured to fight recklessly!
You barely miss the gnoll.
The gnoll is moderately wounded.
You slash the iguana! The iguana barely misses you.
You block the gnoll's attack.
The gnoll hits you from afar with a +0 spear!
* * * LOW HITPOINT WARNING * * *
The iguana bites you but does no damage.
You block the gnoll's attack.
The gnoll hits you from afar with a +0 spear.
* * * LOW HITPOINT WARNING * * *
You barely miss the gnoll.
The gnoll is moderately wounded.
You hit the iguana.
You kill the iguana!
The gnoll barely misses you. The gnoll hits you with a +0 flail.
* * * LOW HITPOINT WARNING * * *
You slash the gnoll!
You kill the gnoll!
The gnoll hits you from afar with a +0 spear.
* * * LOW HITPOINT WARNING * * *
You closely miss the gnoll. You headbutt the gnoll.
The gnoll is moderately wounded.
The gnoll barely misses you.
You slash the iguana! Your headbutt misses the iguana.
The iguana is heavily wounded.
You closely miss the gnoll. The gnoll hits you with a +0 whip.
* * * LOW HITPOINT WARNING * * *
You block the iguana's attack. The gnoll barely misses you.
The gnoll hits you from afar with a +0 spear.
You die...

.....# #.?.....#
.....# #.......###
....#####
#?........
........##
#.......#
.....##..###
......$#
.....###...# .....
....## ###.## #gg#
....# #..# ##l#
###.# ##.# #g@#
#.##.####.# #.##
#..#......###.#
##.##.........###
#.#######..#...###
#.### #........#
#.. #...#
##.#.(##.......#
###.# #....#
##..... #.#
##...#### ....#


You could see an iguana and 3 gnolls.

Vanquished Creatures
  A black bear (D:4)
  A scorpion (D:5)
  2 hounds (D:4)
  An iguana (D:5)
  5 gnolls
  7 adders
  3 worms
  4 dart slugs
  9 endoplasms
  6 giant cockroaches
  5 goblins
  7 hobgoblins
  3 quokkas (D:1)
  11 ball pythons
  3 bats
  2 frilled lizards (D:1)
  6 kobolds
  4 rats
80 creatures vanquished.

Notes
Turn   | Place    | Note
-------+----------+-------------------------------------------
     0 | D:1      | Earthwalker the Minotaur Fighter began the quest for the
                  | Orb.
     0 | D:1      | Reached XP level 1. HP: 19/19 MP: 0/0
   143 | D:1      | Reached XP level 2. HP: 23/27 MP: 1/1
   526 | D:1      | Reached skill level 1 in Dodging
   784 | D:2      | Reached XP level 3. HP: 30/33 MP: 2/2
   935 | D:2      | Found a faded altar of an unknown god.
   951 | D:2      | Reached XP level 4. HP: 29/40 MP: 3/3
  1457 | D:2      | Found Hiollot's Distillery.
  2025 | D:3      | Found a hazy altar of Hepliaklqana.
  2319 | D:4      | Reached XP level 5. HP: 47/47 MP: 4/4
  2329 | D:4      | Noticed a black bear
  2333 | D:4      | Killed a black bear
  2649 | D:4      | Reached XP level 6. HP: 39/55 MP: 5/5
  2958 | D:4      | Found a stormy altar of Qazlal.
  2986 | D:4      | Reached skill level 5 in Fighting
  2986 | D:4      | Reached skill level 5 in Shields
  3353 | D:5      | Entered Level 5 of the Dungeon
  3373 | D:5      | Reached skill level 5 in Armour
  3534 | D:5      | HP: 2/56 [gnoll/+0 spear (5)]
  3536 | D:5      | Slain by a gnoll

Illustrated notes

Levels and vault maps discovered:
D:1:      zaba_arrival_water, layout_basic
D:2:      layout_loops_cross, serial_shops, shop_statue,
          nicolae_ecumenical_snake_handling
D:3:      minmay_inner_zag, layout_rooms, overflow_temple_1_default,
          minmay_hedge_maze
D:4:      layout_gridville, kennysheep_mini_moat
D:5:      layout_rooms

Skill      XL: |  1  2  3  4  5  6 |
---------------+-------------------+-----
Dodging        | 1 2 3 |  3.1
Fighting       | 4 5 |  5.2
Armour         | 4 5 |  5.1
Shields        | 4 5 |  5.2
Axes           | 3 4 |  4.4

Action                   |  1- 3 |  4- 6 || total
-------------------------+-------+-------++-------
Melee: War axe           |    58 |    93 ||   151
       Headbutt          |     2 |    10 ||    12
  Use: Scroll            |       |     3 ||     3
Armor: Scale mail        |    20 |    28 ||    48
Dodge: Dodged            |    26 |    51 ||    77
Block: Buckler           |    11 |    23 ||    34
